[Event "Titled Tuesday Blitz March 28 Late 2023"]
[White "Andreikin, Dmitry"]
[Black "Kamsky, Gata"]
[WhiteFideId "4158814"]
[BlackFideId "2000024"]
[WhiteElo "2736"]
[BlackElo "2666"]
[Result "0-1"]
[Round "09"]
[TimeControl "180+2"]
[Date "2023.03.28"]
[WhiteClock "0:00:13"]
[BlackClock "0:02:05"]

1. b4 d5 2. Bb2 Bf5 3. Nf3 e6 4. a3 Nf6 5. e3 a5 6. b5 a4 7. Bd3 Bg6 8. Ne5 Nbd7 9. Nxg6 hxg6 10. O-O Bd6 11. g3 Be5 12. Nc3 c5 13. bxc6 bxc6 14. Rb1 g5 15. Ba1 Bd6 16. Qc1 Qe7 17. Bb2 e5 18. f3 Qe6 19. Rf2 e4 20. Bf1 Ne5 21. fxe4 dxe4 22. Qd1 g4 23. Bg2 Nf3+ 24. Bxf3 gxf3 25. Qf1 Ng4 26. Nxe4 Qxe4 27. Rxf3 Nxh2 28. Rf4 Bxf4 29. Qxf4 Nf3+ 30. Kf1 Nxd2+ 31. Ke2 Rh2+ 0-1


[Site "https://www.chess.com"]

[Event "Titled Tuesday Blitz March 28 Late 2023"]
[White "Lazavik, Denis"]
[Black "Sjugirov, Sanan"]
[WhiteFideId "13515110"]
[BlackFideId "4189302"]
[WhiteElo "2560"]
[BlackElo "2569"]
[Result "1-0"]
[Round "09"]
[TimeControl "180+2"]
[Date "2023.03.28"]
[WhiteClock "0:00:34"]
[BlackClock "0:00:02"]

1. d4 Nf6 2. c4 e6 3. Nf3 d5 4. g3 Bb4+ 5. Bd2 Be7 6. Bg2 O-O 7. O-O c6 8. Qc2 b6 9. Bf4 Ba6 10. Nbd2 Nbd7 11. Rfc1 Rc8 12. e3 h6 13. h4 Nh5 14. cxd5 Nxf4 15. exf4 cxd5 16. Qa4 Nb8 17. Ne5 Bd6 18. Bf1 Bxf1 19. Nxf1 a6 20. Ne3 b5 21. Qd1 Qb6 22. Nf3 Nd7 23. Rc2 Qb7 24. Rac1 Nb6 25. b3 Rxc2 26. Rxc2 Rc8 27. f5 Rxc2 28. Qxc2 Qc8 29. Qd3 exf5 30. Nxf5 Bf8 31. h5 Nd7 32. Ne5 Nf6 33. Qf3 Qe6 34. Kg2 Ne4 35. Ne3 Bd6 36. Nd3 Bc7 37. Nc5 Nxc5 38. dxc5 d4 39. Nd5 Be5 40. Nb4 a5 41. Nd3 Bc7 42. Kf1 f5 43. Qa8+ Kh7 44. Qb7 Qe4 45. Qxb5 Qh1+ 46. Ke2 Qxh5+ 47. Kd2 Qf3 48. Qd7 Bb8 49. c6 f4 50. c7 Bxc7 51. Qxc7 fxg3 52. Qxg3 Qc6 53. Ne1 a4 54. Qd3+ Kh8 55. Nc2 axb3 56. axb3 h5 57. Nxd4 Qh6+ 58. Kc2 h4 59. Nf5 Qc6+ 60. Kb2 Qf6+ 61. Ka2 Qg5 62. b4 Qf4 63. Qd8+ 1-0


[Site "https://www.chess.com"]

[Event "Titled Tuesday Blitz March 28 Late 2023"]
[White "Fedoseev, Vladimir"]
[Black "Xiong, Jeffery"]
[WhiteFideId "24130737"]
[BlackFideId "2047640"]
[WhiteElo "2752"]
[BlackElo "2726"]
[Result "1-0"]
[Round "09"]
[TimeControl "180+2"]
[Date "2023.03.28"]
[WhiteClock "0:00:11"]
[BlackClock "0:02:12"]

1. e4 e6 2. d4 d5 3. Nd2 c5 4. exd5 Qxd5 5. dxc5 Nf6 6. Ngf3 Qxc5 7. Bd3 Be7 8. O-O Nbd7 9. Qe2 Qc7 10. Nb3 b6 11. a4 O-O 12. a5 Bb7 13. a6 Bxf3 14. Qxf3 Ne5 15. Qg3 Bd6 16. Bf4 Nh5 17. Qh3 Nxd3 18. Bxd6 Qxd6 19. Qxd3 Qxd3 20. cxd3 Nf4 21. Rfd1 Rac8 22. g3 Nd5 23. Nd4 Rc5 24. Rdc1 Rfc8 25. Rc4 Ne7 26. Rac1 Rxc4 27. Rxc4 Rxc4 28. dxc4 Kf8 29. b4 Ke8 30. Kf1 Kd7 31. Ke2 e5 32. Nb3 f5 33. b5 Kd6 34. Kd3 Ng6 35. c5+ bxc5 36. b6 e4+ 37. Kc3 Ne7 38. bxa7 Nd5+ 39. Kc4 Nc7 40. Nxc5 Kc6 41. Ne6 Na8 42. Nxg7 1-0


[Site "https://www.chess.com"]

[Event "Titled Tuesday Blitz March 28 Late 2023"]
[White "Svane, Rasmus"]
[Black "Ozer, Omer Faruk"]
[WhiteFideId "4657101"]
[BlackFideId "6354564"]
[WhiteElo "2597"]
[BlackElo "2260"]
[Result "1-0"]
[Round "09"]
[TimeControl "180+2"]
[Date "2023.03.28"]
[WhiteClock "0:00:09"]
[BlackClock "0:00:02"]

1. Nf3 Nf6 2. g3 b5 3. Bg2 Bb7 4. d4 e6 5. Bg5 d5 6. c3 Nbd7 7. a4 a6 8. b4 a5 9. axb5 axb4 10. Rxa8 Qxa8 11. O-O Qa5 12. Qc2 Qxb5 13. cxb4 Bxb4 14. Qxc7 O-O 15. Bxf6 Nxf6 16. Ne5 Ba5 17. Qc2 Rc8 18. Qa2 Ba6 19. Bf3 Ne4 20. Na3 Qa4 21. Bxe4 dxe4 22. d5 Bb4 23. dxe6 Bxa3 24. exf7+ Kf8 25. Qe6 Rc7 26. Rb1 Bb5 27. Qf5 1-0


[Site "https://www.chess.com"]

[Event "Titled Tuesday Blitz March 28 Late 2023"]
[White "Bluebaum, Matthias"]
[Black "Mammadov, Zaur"]
[WhiteFideId "24651516"]
[BlackFideId "13401033"]
[WhiteElo "2638"]
[BlackElo "2441"]
[Result "0-1"]
[Round "09"]
[TimeControl "180+2"]
[Date "2023.03.28"]
[WhiteClock "0:00:01"]
[BlackClock "0:00:14"]

1. d4 d5 2. c4 dxc4 3. e4 e5 4. Nf3 exd4 5. Bxc4 Nc6 6. O-O Be6 7. Nbd2 Qd7 8. a3 Bd6 9. b4 a6 10. Qb3 Nge7 11. Re1 Ng6 12. Bb2 O-O 13. Bxe6 fxe6 14. Nc4 Kh8 15. e5 Be7 16. Rad1 Nf4 17. Nxd4 Nxd4 18. Rxd4 Qc6 19. Ne3 Rad8 20. Rc4 Qb6 21. Qc2 Nd3 22. Rf1 Nxf2 23. Qe2 Bg5 24. Bc1 Nd1 25. Rxf8+ Rxf8 26. Qxd1 Bxe3+ 27. Kh1 Qb5 28. Qe2 Bxc1 29. Rf4 Rxf4 0-1


[Site "https://www.chess.com"]

[Event "Titled Tuesday Blitz March 28 Late 2023"]
[White "Drygalov, Sergey"]
[Black "Duda, Jan-Krzysztof"]
[WhiteFideId "24171743"]
[BlackFideId "1170546"]
[WhiteElo "2533"]
[BlackElo "2790"]
[Result "0-1"]
[Round "09"]
[TimeControl "180+2"]
[Date "2023.03.28"]
[WhiteClock "0:00:33"]
[BlackClock "0:01:05"]

1. d4 Nf6 2. c4 g6 3. Nc3 d5 4. Nf3 Bg7 5. cxd5 Nxd5 6. e4 Nxc3 7. bxc3 c5 8. Be3 O-O 9. Be2 e6 10. O-O b6 11. Qd2 Bb7 12. e5 cxd4 13. cxd4 Nc6 14. Rfd1 Rc8 15. Bh6 Ne7 16. Bxg7 Kxg7 17. h4 h5 18. Qf4 Nf5 19. Ng5 Re8 20. Rac1 Rxc1 21. Qxc1 Nxh4 22. Qf4 Nf5 23. f3 h4 24. Ne4 Qe7 25. Nf6 Rd8 26. Qg5 Rxd4 27. Nh5+ Kf8 28. Qh6+ Nxh6 0-1


[Site "https://www.chess.com"]

[Event "Titled Tuesday Blitz March 28 Late 2023"]
[White "Moussard, Jules"]
[Black "Maghsoodloo, Parham"]
[WhiteFideId "642908"]
[BlackFideId "12539929"]
[WhiteElo "2610"]
[BlackElo "2647"]
[Result "0-1"]
[Round "09"]
[TimeControl "180+2"]
[Date "2023.03.28"]
[WhiteClock "0:00:17"]
[BlackClock "0:00:04"]

1. e4 e5 2. Nf3 Nc6 3. Bc4 Bc5 4. d3 Nf6 5. Nc3 h6 6. O-O a6 7. a3 d6 8. Be3 O-O 9. Bxc5 dxc5 10. h3 Qd6 11. Nd5 Nxd5 12. Bxd5 Ne7 13. Bb3 Ng6 14. Kh2 Nf4 15. Ng1 Be6 16. Bxe6 Nxe6 17. Ne2 b5 18. Qd2 c4 19. Rad1 Rad8 20. Qe3 Qc6 21. Rd2 cxd3 22. cxd3 Qd6 23. b4 c5 24. bxc5 Nxc5 25. Rb1 Rc8 26. Kg1 Ne6 27. d4 exd4 28. Nxd4 Rfd8 29. Nf3 Qc5 30. Rxd8+ Rxd8 31. Qb3 Nf4 32. a4 bxa4 33. Qxa4 Ne2+ 34. Kh1 Qxf2 35. Qxa6 Ng3+ 36. Kh2 Nxe4 37. Qb6 Qg3+ 38. Kg1 Rf8 39. Qd4 Nf6 40. Re1 Qb8 41. Qe5 Qa8 42. Qd4 Rd8 43. Qe3 Nd5 44. Qd4 Nc7 45. Qb6 Ne6 46. Ne5 Re8 47. Rf1 Ng5 48. Qc7 Qd5 49. Nf3 Ne6 50. Qg3 Nc5 51. Kh2 Ne4 52. Qf4 Re6 53. Rc1 Rf6 54. Rc8+ Kh7 55. Qb8 Rxf3 56. Rh8+ Kg6 57. Rd8 Rb3 58. Qc7 Qg5 59. Qc6+ Kh7 60. Qxe4+ f5 61. Qe5 Qxd8 62. Qxf5+ Kh8 63. Qe6 Qb8+ 64. Kg1 Qb6+ 65. Qxb6 Rxb6 66. Kf2 g5 0-1


[Site "https://www.chess.com"]

[Event "Titled Tuesday Blitz March 28 Late 2023"]
[White "Costachi, Mihnea"]
[Black "Anton Guijarro, David"]
[WhiteFideId "1217518"]
[BlackFideId "2285525"]
[WhiteElo "2456"]
[BlackElo "2618"]
[Result "1-0"]
[Round "09"]
[TimeControl "180+2"]
[Date "2023.03.28"]
[WhiteClock "0:00:48"]
[BlackClock "0:00:20"]

1. d4 Nf6 2. c4 g6 3. Nc3 Bg7 4. e4 d6 5. Be2 O-O 6. Bg5 c5 7. d5 h6 8. Be3 e6 9. Nf3 exd5 10. cxd5 Ng4 11. Bf4 f5 12. exf5 Bxf5 13. O-O a6 14. a4 g5 15. Bg3 Nf6 16. Nd2 Ne8 17. Nc4 Qc7 18. Bd3 Nd7 19. Bxf5 Rxf5 20. Qc2 Rf7 21. Ne4 Ne5 22. Nexd6 Nxd6 23. Nxe5 Rf6 24. Ng4 Rf4 25. Bxf4 gxf4 26. Qg6 Rf8 27. Nxh6+ Kh8 28. Ng4 f3 29. g3 Nf5 30. Rae1 Nd4 31. d6 Qd8 32. Re7 Nf5 33. Rfe1 1-0


[Site "https://www.chess.com"]

[Event "Titled Tuesday Blitz March 28 Late 2023"]
[White "Bernadskiy, Vitaliy"]
[Black "Kramnik, Vladimir"]
[WhiteFideId "14100371"]
[BlackFideId "4101588"]
[WhiteElo "2488"]
[BlackElo "2712"]
[Result "0-1"]
[Round "09"]
[TimeControl "180+2"]
[Date "2023.03.28"]
[WhiteClock "0:00:12"]
[BlackClock "0:00:45"]

1. Nf3 Nf6 2. c4 e6 3. g3 d5 4. Bg2 dxc4 5. Qa4+ Bd7 6. Qxc4 c5 7. O-O Bc6 8. Rd1 Nbd7 9. b3 Rc8 10. Bb2 b5 11. Qc2 Be7 12. a4 a6 13. axb5 axb5 14. Nc3 O-O 15. Ng5 Bxg2 16. Kxg2 h6 17. Nge4 Qb6 18. Qd3 Qb7 19. Qf3 Nd5 20. Ra5 Ne5 21. Rxb5 Qc6 22. Nxd5 exd5 23. Qh5 dxe4 24. Bxe5 Qxb5 25. Qg4 Bg5 0-1


[Site "https://www.chess.com"]

[Event "Titled Tuesday Blitz March 28 Late 2023"]
[White "Bartel, Mateusz"]
[Black "Drygalov, Andrey"]
[WhiteFideId "1112635"]
[BlackFideId "24171735"]
[WhiteElo "2521"]
[BlackElo "2471"]
[Result "1-0"]
[Round "09"]
[TimeControl "180+2"]
[Date "2023.03.28"]
[WhiteClock "0:00:10"]
[BlackClock "0:00:03"]

1. e4 c5 2. Nf3 d6 3. c3 Nf6 4. Bd3 Nc6 5. Bc2 Bg4 6. d3 g6 7. Nbd2 Bg7 8. h3 Bd7 9. O-O O-O 10. a3 b5 11. d4 Qc7 12. Nb3 c4 13. Nbd2 e5 14. d5 Na5 15. Re1 Nb7 16. Nf1 Nc5 17. Ng3 a6 18. Be3 Rac8 19. Nd2 Ne8 20. f4 exf4 21. Bxf4 Be5 22. Qf3 Ng7 23. Bh6 Rce8 24. Rf1 f6 25. Kh1 Rf7 26. Rf2 a5 27. Raf1 Bc8 28. Ne2 Bd7 29. Nd4 Nh5 30. Ne2 Ng7 31. g4 Nd3 32. Bxd3 cxd3 33. Qxd3 Qc5 34. Nd4 b4 35. axb4 axb4 36. Nc4 bxc3 37. bxc3 Bxd4 38. cxd4 Qc7 39. Nd2 Qd8 40. Bf4 f5 41. gxf5 gxf5 42. Bxd6 fxe4 43. Qg3 Rxf2 44. Rxf2 e3 45. Rg2 Qf6 46. Be5 Qg6 47. Qxe3 Rxe5 48. dxe5 Qf5 49. e6 Be8 50. Qd4 Bg6 51. Kh2 h5 52. d6 Nxe6 53. d7 Kh7 54. d8=Q Nxd4 55. Qxd4 Qf7 56. Rf2 Qc7+ 57. Qf4 Qe7 58. Nf3 Kg7 59. Ng5 Qd8 60. h4 Qe7 61. Qd4+ Kg8 62. Qf6 Qc7+ 63. Qf4 Qe7 64. Kg3 Qa3+ 65. Rf3 Qe7 66. Qf6 Qc7+ 67. Kg2 Qc2+ 68. Rf2 Be4+ 69. Nxe4 Qxe4+ 70. Kh2 Qf4+ 71. Qxf4 Kh7 72. Qg5 Kh8 73. Rf8+ Kh7 74. Rf7+ Kh8 75. Qg7# 1-0


[Site "https://www.chess.com"]

[Event "Titled Tuesday Blitz March 28 Late 2023"]
[White "Rasulov, Vugar"]
[Black "Terry, Renato"]
[WhiteFideId "13402390"]
[BlackFideId "3803457"]
[WhiteElo "2509"]
[BlackElo "2579"]
[Result "1-0"]
[Round "09"]
[TimeControl "180+2"]
[Date "2023.03.28"]
[WhiteClock "0:00:08"]
[BlackClock "0:00:03"]

1. d4 e6 2. Nf3 Nf6 3. c4 Bb4+ 4. Nbd2 O-O 5. a3 Be7 6. e3 d6 7. b4 a5 8. Bb2 Re8 9. Be2 b6 10. O-O Bb7 11. Qb3 Nbd7 12. Rfd1 Qb8 13. Qc2 axb4 14. axb4 c5 15. b5 Qc7 16. Bd3 cxd4 17. exd4 d5 18. Ne5 Rec8 19. h3 h6 20. Qb3 Nxe5 21. dxe5 Nd7 22. Rxa8 Bxa8 23. Bf1 Nxe5 24. Qg3 Bf6 25. cxd5 Bxd5 26. Rc1 Qxc1 27. Bxc1 Rxc1 28. Qe3 Nd7 29. Ne4 Rb1 30. Nxf6+ Nxf6 31. Qd4 Ne4 32. Qd3 Rc1 33. Qe3 Rb1 34. Qd3 Ra1 35. h4 Nc5 36. Qd4 Rc1 37. Qe3 Rb1 38. Qd4 Rc1 39. f3 Bc4 40. Qd8+ Kh7 41. Qxb6 Bxf1 42. Kh2 Nd3 43. Qb7 Rc2 44. Kg1 Bxg2 45. Qe4+ Kg8 46. Qxd3 Ra2 47. b6 Rb2 48. Qd4 Rb1+ 49. Kxg2 f6 50. Qd8+ Kf7 51. Qd7+ Kg6 52. b7 f5 53. Qxe6+ Kh7 54. Qxf5+ 1-0


[Site "https://www.chess.com"]

[Event "Titled Tuesday Blitz March 28 Late 2023"]
[White "Korchmar, Vasiliy"]
[Black "Grigoriants, Sergey"]
[WhiteFideId "24131750"]
[BlackFideId "4130804"]
[WhiteElo "2370"]
[BlackElo "2502"]
[Result "1-0"]
[Round "09"]
[TimeControl "180+2"]
[Date "2023.03.28"]
[WhiteClock "0:00:12"]
[BlackClock "0:00:02"]

1. e4 c5 2. Nf3 Nc6 3. d4 cxd4 4. Nxd4 Nf6 5. Nc3 e6 6. g3 d6 7. Bg2 Bd7 8. Nb3 a6 9. a4 Na5 10. Nxa5 Qxa5 11. O-O Bc6 12. Be3 Be7 13. f4 O-O 14. h3 Rac8 15. Qd2 Kh8 16. g4 h6 17. Kh1 Qb4 18. a5 Rfd8 19. g5 Ng8 20. f5 d5 21. exd5 exd5 22. f6 d4 23. fxe7 Nxe7 24. gxh6 dxc3 25. hxg7+ Kg8 26. Qf2 Bxg2+ 27. Kxg2 Qe4+ 28. Kg1 Nf5 29. Qxf5 Qxe3+ 30. Kh1 Rc7 31. Rae1 Qc5 32. Re5 Qc6+ 33. Kh2 Rd2+ 34. Kg3 Qg2+ 35. Kh4 1-0


[Site "https://www.chess.com"]

[Event "Titled Tuesday Blitz March 28 Late 2023"]
[White "koteRV1610"]
[Black "Wagner, Dennis"]
[BlackFideId "24650684"]
[WhiteElo "2647"]
[BlackElo "2470"]
[Result "1-0"]
[Round "09"]
[TimeControl "180+2"]
[Date "2023.03.28"]
[WhiteClock "0:00:51"]
[BlackClock "0:00:21"]

1. e4 c5 2. Nf3 d6 3. d4 cxd4 4. Nxd4 Nf6 5. Nc3 a6 6. Bg5 e6 7. f4 Nbd7 8. Qe2 Qc7 9. O-O-O b5 10. a3 Be7 11. g4 h6 12. Bh4 Bb7 13. Rg1 Rc8 14. Kb1 g5 15. fxg5 hxg5 16. Bxg5 Qb6 17. Qe1 Rxc3 18. Bxf6 Nxf6 19. Qxc3 Nxe4 20. Qe1 Rxh2 21. Bg2 Bh4 22. Qb4 Bf2 23. Bxe4 Bxe4 24. Rgf1 e5 25. Ne2 Qc6 26. Qxd6 Bxc2+ 27. Ka1 Qxd6 28. Rxd6 Ke7 29. Rd2 Bb3 30. Nc1 Bc4 31. Rfxf2 Rh1 32. Kb1 e4 33. Rfe2 Bxe2 34. Rxe2 Kf6 35. Rxe4 Kg5 36. Kc2 Rh2+ 37. Kc3 Rg2 38. Nd3 Rxg4 39. Rxg4+ Kxg4 40. Ne5+ Kf5 41. Nxf7 Ke6 42. Ng5+ Kd5 43. Nf3 Kc5 44. b4+ Kd5 45. Kd3 Kd6 46. Kd4 Kc6 47. Ke5 Kb6 48. Kd5 a5 49. Nd4 axb4 50. axb4 Ka6 51. Kc6 Ka7 52. Nxb5+ Ka6 53. Nd4 Ka7 54. b5 Kb8 55. b6 Ka8 56. b7+ Kb8 57. Ne6 Ka7 58. Kc7 Ka6 59. b8=Q Ka5 60. Qb3 Ka6 61. Qb6# 1-0


[Site "https://www.chess.com"]

[Event "Titled Tuesday Blitz March 28 Late 2023"]
[White "Horvath, Dominik"]
[Black "Naroditsky, Daniel"]
[WhiteFideId "1642561"]
[BlackFideId "2026961"]
[WhiteElo "2407"]
[BlackElo "2633"]
[Result "0-1"]
[Round "09"]
[TimeControl "180+2"]
[Date "2023.03.28"]
[WhiteClock "0:00:01"]
[BlackClock "0:00:35"]

1. e4 c5 2. Nf3 d6 3. d4 cxd4 4. Nxd4 Nf6 5. Bb5+ Nbd7 6. O-O a6 7. Bd3 g6 8. c4 Bg7 9. Nc3 b6 10. Re1 Bb7 11. Bf1 O-O 12. Bg5 Rc8 13. Rc1 h6 14. Bh4 Nc5 15. f3 Nh5 16. Bf2 Nf4 17. g3 Nfe6 18. b3 Qd7 19. Bh3 f5 20. exf5 Ng5 21. Bg2 gxf5 22. Nd5 e5 23. Nxb6 Qd8 24. Nxc8 Qxc8 25. h4 Nf7 26. Nc2 e4 27. Nb4 Ne5 28. fxe4 fxe4 29. Bd4 Nf3+ 30. Bxf3 Rxf3 31. Rc2 Rxg3+ 32. Rg2 Rxg2+ 33. Kxg2 e3+ 34. Kh2 Qf5 35. Nd5 Qf2+ 36. Kh1 Qxh4+ 37. Kg2 Bxd4 38. Rg1 Kh8 39. Qf3 Qf2+ 40. Kh3 Qxf3+ 0-1


[Site "https://www.chess.com"]

[Event "Titled Tuesday Blitz March 28 Late 2023"]
[White "Holt, Conrad"]
[Black "Makarian, Rudik"]
[WhiteFideId "2034387"]
[BlackFideId "44105681"]
[WhiteElo "2592"]
[BlackElo "2436"]
[Result "1-0"]
[Round "09"]
[TimeControl "180+2"]
[Date "2023.03.28"]
[WhiteClock "0:00:07"]
[BlackClock "0:00:01"]

1. d4 Nf6 2. c4 e6 3. Nf3 d5 4. Nc3 dxc4 5. e3 a6 6. Bxc4 b5 7. Bd3 Bb7 8. e4 c5 9. e5 Nd5 10. O-O Nxc3 11. bxc3 Nd7 12. Ng5 Be7 13. Qh5 g6 14. Qh6 Nxe5 15. dxe5 Qxd3 16. Qg7 Rf8 17. Nxh7 O-O-O 18. Nxf8 Rxf8 19. Bg5 Qd8 20. Rfd1 Bd5 21. Bxe7 Qxe7 22. h4 Rd8 23. Qf6 Qxf6 24. exf6 Rh8 25. g3 Kb7 26. Re1 Kc6 27. Re5 a5 28. a3 Rb8 29. Rc1 Kd6 30. Re2 b4 31. cxb4 axb4 32. axb4 cxb4 33. f4 b3 34. Rb2 Ra8 35. Kf2 Ra4 36. Rd1 Kc5 37. Ke3 Kb4 38. Rd4+ Bc4 39. Kd2 1-0


[Site "https://www.chess.com"]

[Event "Titled Tuesday Blitz March 28 Late 2023"]
[White "Lamard, Guillaume"]
[Black "Deac, Bogdan-Daniel"]
[WhiteFideId "600261"]
[BlackFideId "1226380"]
[WhiteElo "2413"]
[BlackElo "2649"]
[Result "0-1"]
[Round "09"]
[TimeControl "180+2"]
[Date "2023.03.28"]
[WhiteClock "0:00:16"]
[BlackClock "0:00:22"]

1. d4 Nf6 2. Bf4 d5 3. Nf3 c5 4. e3 Nc6 5. Nbd2 Nh5 6. dxc5 Nxf4 7. exf4 Qa5 8. a3 Qxc5 9. c4 e6 10. b4 Qd6 11. cxd5 exd5 12. g3 g6 13. Bd3 Bg7 14. Qe2+ Kd8 15. O-O Bxa1 16. Rxa1 Re8 17. Qd1 Bg4 18. Qa4 Bxf3 19. Nxf3 Ke7 20. b5 Nb8 21. Qd4 Nd7 22. Re1+ Kd8 23. Rd1 f6 24. a4 Qc5 25. Qb2 Rc8 26. h4 Rc7 27. f5 Qc3 28. Qa2 Nc5 29. fxg6 Nxd3 30. Qxd5+ Rd7 31. Qf5 hxg6 32. Qxg6 Nc5 33. Rxd7+ Nxd7 34. Qg4 Qd3 35. Qf4 Re4 36. Qh6 Qxf3 0-1


[Site "https://www.chess.com"]

[Event "Titled Tuesday Blitz March 28 Late 2023"]
[White "Papasimakopoulos, Alexandros"]
[Black "Mekhitarian, Krikor Sevag"]
[WhiteFideId "4244125"]
[BlackFideId "2107660"]
[WhiteElo "2359"]
[BlackElo "2604"]
[Result "1-0"]
[Round "09"]
[TimeControl "180+2"]
[Date "2023.03.28"]
[WhiteClock "0:00:17"]
[BlackClock "0:00:05"]

1. d4 Nf6 2. c4 g6 3. Nc3 d5 4. Nf3 Bg7 5. Qb3 dxc4 6. Qxc4 O-O 7. e4 Nfd7 8. Be2 Nb6 9. Qc5 Qd6 10. Nb5 Qd8 11. Qxc7 Nc6 12. O-O Bg4 13. d5 Bxf3 14. Bxf3 Nd4 15. Qxd8 Nxf3+ 16. gxf3 Rfxd8 17. Bg5 Rd7 18. Rab1 a6 19. Na3 Na4 20. Nc4 b5 21. b3 Nc3 22. Nb6 Nxb1 23. Nxd7 Nc3 24. a3 Ra7 25. Nb8 e6 26. Nc6 Rc7 27. d6 Rxc6 28. d7 Rd6 29. d8=Q+ Rxd8 30. Bxd8 Ne2+ 31. Kg2 Nd4 32. b4 Nc2 33. Rc1 Nxa3 34. Rc8 h5 35. Bf6+ Kh7 36. Bxg7 Kxg7 37. Rc6 Nc4 38. Rxa6 Kf6 39. f4 g5 40. Kg3 gxf4+ 41. Kxf4 Nb2 42. Ke3 Ke5 43. f4+ Kf6 44. Kd4 Nc4 45. Ra7 e5+ 46. fxe5+ Ke6 47. Ra6+ Ke7 48. Rh6 Nd2 49. Rxh5 Ke6 50. Rh6+ Ke7 51. Kd5 Nf1 52. Rh3 Nd2 53. Rd3 Nc4 54. h4 Nb2 55. Rd4 Na4 56. h5 Kf8 57. Kc6 Nc3 58. Rd3 Nxe4 59. Kxb5 Kg7 60. Re3 Nd2 61. Kc5 1-0


[Site "https://www.chess.com"]

[Event "Titled Tuesday Blitz March 28 Late 2023"]
[White "Rustemov, Alexander"]
[Black "Ozates, Tuna"]
[WhiteFideId "4119002"]
[BlackFideId "6354521"]
[WhiteElo "2881"]
[BlackElo "2151"]
[Result "1-0"]
[Round "09"]
[TimeControl "180+2"]
[Date "2023.03.28"]
[WhiteClock "0:00:51"]
[BlackClock "0:00:19"]

1. d4 d5 2. c4 c6 3. Nc3 Nf6 4. e3 e6 5. Nf3 Nbd7 6. Qc2 Bd6 7. b3 O-O 8. Be2 b6 9. O-O Bb7 10. Bb2 Qe7 11. Rad1 Rfe8 12. Rfe1 Rad8 13. g3 c5 14. cxd5 exd5 15. Bf1 Bb8 16. Bg2 c4 17. Nd2 cxb3 18. Qxb3 Nf8 19. a4 Ng6 20. Rc1 h5 21. Ba3 Qe6 22. Ne2 h4 23. Nf3 Ne4 24. Nf4 Bxf4 25. exf4 Ba6 26. Ng5 Qf5 27. Qc2 Rc8 28. Qb1 Rxc1 29. Rxc1 hxg3 30. hxg3 Qf6 31. Re1 Qxd4 32. Nxe4 dxe4 33. Rxe4 Rxe4 34. Bxe4 Qxa4 35. Bd6 Nf8 36. f5 Nd7 37. Bc2 Bb7 38. Bxa4 1-0


[Site "https://www.chess.com"]

[Event "Titled Tuesday Blitz March 28 Late 2023"]
[White "Pakleza, Zbigniew"]
[Black "Dobre, Claudiu-Cristian"]
[WhiteFideId "1119290"]
[BlackFideId "1211854"]
[WhiteElo "2410"]
[BlackElo "2207"]
[Result "1/2-1/2"]
[Round "09"]
[TimeControl "180+2"]
[Date "2023.03.28"]
[WhiteClock "0:00:06"]
[BlackClock "0:00:18"]

1. d4 f5 2. Nf3 Nf6 3. c4 d6 4. Nc3 Nbd7 5. e3 g6 6. Be2 Bg7 7. b4 O-O 8. O-O e5 9. a4 exd4 10. exd4 Ne4 11. Bb2 Ndf6 12. d5 Ng4 13. Qc2 Qf6 14. Ra3 Bd7 15. Ba1 Nxc3 16. Bxc3 Qe7 17. Re1 Bxc3 18. Rxc3 a5 19. b5 b6 20. h3 Ne5 21. Nd4 f4 22. Qd2 Qf6 23. Nf3 Rae8 24. Nxe5 Rxe5 25. Bf3 Rfe8 26. Rcc1 Qe7 27. Rxe5 Qxe5 28. Bg4 Bxg4 29. hxg4 g5 30. Kf1 Kg7 31. Re1 Qxe1+ 32. Qxe1 Rxe1+ 33. Kxe1 Kf6 34. Ke2 Kg6 35. Kd3 Kf6 36. Ke4 Kg6 37. Kd4 Kf6 38. Kd3 Kg6 39. Ke4 Kf6 40. Kd4 Kg6 41. Ke4 Kf6 42. Kd4 Kg6 43. Ke4 1/2-1/2


[Site "https://www.chess.com"]

[Event "Titled Tuesday Blitz March 28 Late 2023"]
[White "Ashraf, Artin"]
[Black "angelgab3"]
[WhiteFideId "22514805"]
[WhiteElo "2188"]
[BlackElo "2565"]
[Result "1/2-1/2"]
[Round "09"]
[TimeControl "180+2"]
[Date "2023.03.28"]
[WhiteClock "0:00:04"]
[BlackClock "0:00:35"]

1. e3 Nf6 2. Nf3 g6 3. d4 Bg7 4. c4 O-O 5. Be2 c5 6. d5 e6 7. Nc3 exd5 8. cxd5 d6 9. h3 Re8 10. Bd3 a6 11. a4 Nbd7 12. O-O Rb8 13. Re1 Qc7 14. e4 c4 15. Bc2 b5 16. axb5 axb5 17. Nd4 b4 18. Ncb5 Qb6 19. Bf4 Ne5 20. Na7 Bd7 21. Nac6 Nxc6 22. dxc6 Bxc6 23. Nxc6 Qxc6 24. Ba4 Qb6 25. Bxe8 Rxe8 26. Qxd6 Qxd6 27. Bxd6 Nxe4 28. Bxb4 Bxb2 29. Ra2 Bd4 30. Kh2 Re6 31. f3 Be5+ 32. Kg1 Bd4+ 33. Kh2 Be5+ 34. Kh1 Ng3+ 35. Kg1 c3 36. Rxe5 Rxe5 37. Kf2 Nh1+ 38. Kg1 Ng3 39. Kf2 Nh1+ 40. Kf1 Ng3+ 41. Kf2 1/2-1/2


[Site "https://www.chess.com"]

[Event "Titled Tuesday Blitz March 28 Late 2023"]
[White "Vaglio Munoz, Jaime"]
[Black "Timmermans, Mark"]
[WhiteFideId "6500145"]
[BlackFideId "1026399"]
[WhiteElo "2199"]
[BlackElo "2460"]
[Result "1/2-1/2"]
[Round "09"]
[TimeControl "180+2"]
[Date "2023.03.28"]
[WhiteClock "0:00:06"]
[BlackClock "0:00:08"]

1. Nf3 Nf6 2. g3 e6 3. Bg2 d5 4. O-O Be7 5. c4 O-O 6. b3 a5 7. Nc3 c6 8. d4 Nbd7 9. Bb2 a4 10. Nxa4 b5 11. cxb5 cxb5 12. Nc3 b4 13. Na4 Nb6 14. Nxb6 Qxb6 15. Ne5 Ba6 16. Qd2 Rfc8 17. Rfc1 Rxc1+ 18. Rxc1 Bb5 19. Ba1 Qa6 20. Rc2 Rc8 21. Rxc8+ Qxc8 22. f3 Bd6 23. Kf2 h6 24. Bf1 Qa8 25. e3 Bxf1 26. Kxf1 Bxe5 27. dxe5 Nd7 28. Bd4 f6 29. exf6 e5 30. f7+ Kxf7 31. Bb2 Ke6 32. Qxb4 Qxa2 33. Ba3 Nf6 34. g4 Kf7 35. Kg1 Qe2 36. Qe7+ Kg6 37. Qxe5 Qxf3 38. h3 Ne4 39. Qe6+ Nf6 40. Be7 Qg3+ 41. Kf1 Qxh3+ 42. Ke1 Qh1+ 43. Kd2 Qg2+ 44. Kc3 Qxg4 45. Qxg4+ Nxg4 46. b4 Ne5 47. b5 Kf5 48. Bf8 h5 49. Bxg7 Nd7 50. Kd4 Ke6 51. Bh6 h4 52. Bf4 h3 53. e4 dxe4 54. Kxe4 Nb6 55. Kf3 Kd5 56. Kg3 Kc4 57. Kxh3 Kxb5 1/2-1/2


[Site "https://www.chess.com"]

[Event "Titled Tuesday Blitz March 28 Late 2023"]
[White "Urazayev, Arystanbek"]
[Black "Demchenko, Anton"]
[WhiteFideId "13709810"]
[BlackFideId "4160258"]
[WhiteElo "2479"]
[BlackElo "2545"]
[Result "0-1"]
[Round "09"]
[TimeControl "180+2"]
[Date "2023.03.28"]
[WhiteClock "0:00:01"]
[BlackClock "0:00:04"]

1. e4 e5 2. Nf3 Nc6 3. Nc3 Nf6 4. d4 exd4 5. Nxd4 Bb4 6. Nxc6 bxc6 7. Bd3 O-O 8. O-O d5 9. Bd2 Rb8 10. Re1 Re8 11. a3 Bc5 12. b4 Bd4 13. exd5 cxd5 14. h3 Be6 15. Rb1 c6 16. Ne2 Bb6 17. Nf4 Bc7 18. Qf3 Qd6 19. g3 Ne4 20. Rbd1 Bf5 21. Be3 a5 22. Bc5 Qf6 23. Nh5 Qg6 24. Bd4 f6 25. g4 Bd7 26. Qg2 Qg5 27. f3 Nd6 28. f4 Qh4 29. Bf2 Bb6 30. Rxe8+ Bxe8 31. Bxb6 Rxb6 32. Ng3 axb4 33. axb4 Qh6 34. Qf2 Rb8 35. c3 Bf7 36. Kg2 Re8 37. Rd2 d4 38. cxd4 Bd5+ 39. Kh2 Qh4 40. Re2 Rb8 41. Nf5 Nxf5 42. Bxf5 Qxf2+ 43. Rxf2 Rxb4 44. Rd2 Rb3 45. Bd7 g6 46. Re2 Kf7 47. Be8+ Kf8 48. Bd7 Rb7 49. Be6 Re7 50. f5 Ke8 51. Kg3 Kd8 52. Kf4 g5+ 53. Kg3 Kc7 54. h4 h6 55. hxg5 hxg5 56. Rh2 Bxe6 57. fxe6 Rxe6 58. Kf3 Kd6 59. Rh7 Kd5 60. Rd7+ Rd6 61. Re7 Kxd4 62. Re4+ Kd5 63. Ra4 c5 64. Ke3 Ke5 65. Rc4 Rc6 66. Re4+ Kd5 67. Re8 c4 68. Kd2 c3+ 69. Kc2 Kd4 70. Re1 Rb6 71. Rd1+ Kc4 72. Rf1 Rb2+ 73. Kc1 Rb6 74. Kc2 Ra6 75. Rf5 Re6 0-1


[Site "https://www.chess.com"]